 Dungeon Crawl Stone Soup version 0.21.1-1-g345015f (webtiles) character file.

32923 dvd the Bewitcher (level 13, -13/87 HPs)
             Began as a Vampire Enchanter on July 8, 2018.
             Was a High Priest of Sif Muna.
             Mangled by Urug
             ... wielding a +0 double sword of holy wrath
              (19 damage)
             ... on level 3 of the Lair of Beasts.
             The game lasted 01:20:45 (17013 turns).

dvd the Bewitcher (Vampire Enchanter)              Turns: 17013, Time: 01:20:46

Health: -13/87     AC:  7    Str:  7    XL:     13   Next: 34%
Magic:  22/26      EV: 15    Int: 24    God:    Sif Muna [*****.]
Gold:   1080       SH: 10    Dex: 16    Spells: 5/30 levels left

rFire    + + .     SeeInvis +   a - +6 short sword (venom)
rCold    + . .     Gourm    .   n - +1 buckler
rNeg     + + .     Faith    .   C - +2 robe {rC+ rF+}
rPois    .         Spirit   .   s - +2 hat {Int+3}
rElec    .         Reflect  +   y - +0 cloak
rCorr    .         Harm     .   (no gloves)
MR       +....                  (no boots)
Stlth    +++++++...             p - +4 amulet of reflection
HPRegen  0.24/turn              k - ring of stealth
MPRegen  0.20/turn              u - ring of positive energy

@: no status effects
A: fangs 3, see invisible, fire resistance 1, wild magic 1, unbreathing
a: Bat Form, Divine Energy, Channel Magic, Forget Spell, Renounce Religion


You were on level 3 of the Lair of Beasts.
You worshipped Sif Muna.
Sif Muna was extremely pleased with you.
You were not thirsty.

You visited 3 branches of the dungeon, and saw 16 of its levels.
You also visited: Sewer.

You collected 1080 gold pieces.

Inventory:

Hand Weapons
 a - a +6 short sword of venom (weapon)
 b - the +1 mace of Bodily Harmony {speed, +Fly rF+ Int+2 Dex+4}
   (You found it on level 5 of the Dungeon)

   Attacks with this weapon are significantly faster.
   It affects your intelligence (+2).
   It affects your dexterity (+4).
   It protects you from fire.
   It lets you fly.
 l - a +0 long sword
 r - a +2 hand axe of flaming
 M - a +2 falchion of freezing
 S - the +8 demon blade "Leech" {vamp, rN+ AC-3 EV-3}
   (You found it on level 10 of the Dungeon)

   It inflicts no extra harm, but heals its wielder when it wounds a living foe.
   It affects your AC (-3).
   It affects your evasion (-3).
   It protects you from negative energy.
Armour
 n - a +1 buckler (worn)
 s - a +2 hat of intelligence (worn)
 y - a +0 cloak (worn)
 C - a +2 robe of resistance (worn)
Magical Staves
 G - an uncursed staff of wizardry
 Q - an uncursed staff of air
Jewellery
 k - a ring of stealth (left hand)
 p - a +4 amulet of reflection (around neck)
 u - a ring of positive energy (right hand)
 P - a +1 ring of protection
Wands
 o - a wand of acid (9)
 q - a wand of disintegration (13)
 F - a wand of random effects (33)
 J - a wand of flame (27)
 K - a wand of paralysis (12)
 N - a wand of iceblast (10)
 T - a wand of clouds (6)
Scrolls
 e - 3 scrolls of fear
 f - 8 scrolls of identify
 j - 7 scrolls of teleportation
 x - a scroll of blinking
 A - 3 scrolls of amnesia
 B - 2 scrolls of fog
 D - 3 scrolls of magic mapping
 E - 5 scrolls of remove curse
Potions
 d - 41 potions of blood
 g - 2 potions of cancellation
 h - a potion of curing
 v - 2 potions of might
 w - 3 potions of flight
 z - 3 potions of berserk rage
 H - 3 potions of mutation
 I - a potion of lignification
Books
 c - a book of Maledictions

   Spells                             Type                      Level
   a - Corona                         Hexes                        1
   b - Ensorcelled Hibernation        Hexes/Ice                    2
   c - Confuse                        Hexes                        3
   d - Tukima's Dance                 Hexes                        3
   e - Dazzling Spray                 Conjuration/Hexes            3
 m - Konew's Handbook of Attacks and Hexes
   (Sif Muna gifted it to you on level 2 of the Lair of Beasts)

   Spells                             Type                      Level
   a - Corona                         Hexes                        1
   b - Tukima's Dance                 Hexes                        3
   c - Lightning Bolt                 Conjuration/Air              5
   d - Darkness                       Hexes                        6
   e - Lehudib's Crystal Spear        Conjuration/Earth            8
 t - a book of Beasts

   Spells                             Type                      Level
   a - Summon Butterflies             Summoning                    1
   b - Call Canine Familiar           Summoning                    3
   c - Summon Ice Beast               Ice/Summoning                4
   d - Summon Mana Viper              Hexes/Summoning              5
   e - Summon Hydra                   Summoning                    7
 L - Gitaklau's Collected Works on the Earthen Voyage
   (Sif Muna gifted it to you on level 11 of the Dungeon)

   Spells                             Type                      Level
   a - Blink                          Translocation                2
   b - Gell's Gravitas                Translocation                3
   c - Leda's Liquefaction            Hexes/Earth                  4
   d - Passage of Golubria            Translocation                4
   e - Petrify                        Transmutation/Earth          4
   f - Lee's Rapid Deconstruction     Earth                        5
   g - Summon Forest                  Summoning/Translocation      5
 O - a book of Debilitation

   Spells                             Type                      Level
   a - Corona                         Hexes                        1
   b - Slow                           Hexes                        2
   c - Inner Flame                    Hexes/Fire                   3
   d - Portal Projectile              Hexes/Translocation          3
   e - Cause Fear                     Hexes                        4
   f - Leda's Liquefaction            Hexes/Earth                  4
 R - a book of Battle

   Spells                             Type                      Level
   a - Infusion                       Charms                       1
   b - Shroud of Golubria             Charms/Translocation         2
   c - Song of Slaying                Charms                       2
   d - Spectral Weapon                Hexes/Charms                 3
   e - Regeneration                   Charms/Necromancy            3


   Skills:
 + Level 3.6 Fighting
 + Level 7.9 Short Blades
 + Level 0.1(4.4) Long Blades
 + Level 5.2 Dodging
 + Level 15.4 Stealth
 + Level 4.2 Shields
 + Level 9.3 Spellcasting
 + Level 0.8 Conjurations
 * Level 16.4 Hexes
 + Level 5.8 Charms
 + Level 4.6 Necromancy
 * Level 2.3 Translocations
 + Level 4.6 Ice Magic
 + Level 0.3 Invocations


You had 5 spell levels left.
You knew the following spells:

 Your Spells              Type           Power        Failure   Level  Hunger
a - Regeneration          Chrm/Necr      #####.....   3%          3    None
b - Ensorcelled Hibernat  Hex/Ice        ######       1%          2    None
c - Confuse               Hex            #######.     1%          3    None
d - Dazzling Spray        Conj/Hex       ######       1%          3    None
e - Tukima's Dance        Hex            #######.     1%          3    None
f - Spectral Weapon       Hex/Chrm       ######..     1%          3    None
g - Shroud of Golubria    Chrm/Tloc      #####.....   3%          2    None
h - Blink                 Tloc           N/A          5%          2    None
i - Cause Fear            Hex            #######...   1%          4    ##.....


Dungeon Overview and Level Annotations

Branches:
Dungeon (12/15)            Temple (1/1) D:5            Lair (3/6) D:9
    Orc (0/2) D:9
  Swamp: Lair:2-4    Shoals: Lair:2-4     Snake: Lair:2-4    Spider: Lair:2-4

Altars:
Ashenzari
Cheibriados
Dithmenos
Elyvilon
Fedhas
Gozag
Hepliaklqana
Kikubaaqudgha
Makhleb
Nemelex Xobeh
Okawaru
Qazlal
Ru
Sif Muna
Trog
Uskayaw
Vehumet
Wu Jian
Xom
Yredelemnul
Zin
The Shining One

Shops:
D:6 (   D:10 [   D:12 :

Annotations:
Lair:3 Harold, Urug


Innate Abilities, Weirdness & Mutations

You have razor-sharp teeth.
You have supernaturally acute eyesight. (SInv)
You can survive without breathing.
Your flesh is heat resistant. (rF+)
Your spells are a little harder to cast, but a little more powerful.


Message History

Harold is severely wounded.
You hit Harold.
Harold looks as sick as possible!
Harold is severely wounded.
Urug shouts, "What's happening?!"
You catch the helpless Urug completely off-guard!
You impale Urug!!
Urug is heavily wounded.
You hit Urug.
Urug is poisoned.
Your bite misses Urug.
Urug is heavily wounded.
Urug hits you with a double sword of holy wrath!!
Your shroud falls apart!
You convulse!!
You hit Urug.
Urug looks as sick as possible!
Urug is severely wounded.
You barely miss Urug.
Urug is severely wounded.
Urug hits you with a double sword of holy wrath!!
* * * LOW HITPOINT WARNING * * *
You convulse!!
You die...

#.... .#..# ##
#...###...# .# .##
##.....##..##.#
.⌠.##.#...((.#.⌠..#
...........#.....#.#
>......⌠.(.+..<.⌠.#
....#.......#.....##
⌠..#..##.#.#..⌠..#
#.###o@...######..#
#.#####'.## ### #
##..##..(÷.#
##.###.........#.#
........##.....#.#
#Y.......#...⌠...#
.F..YF.....#...#.#
.F..Y....#%....#.#
...#......#.....##


You could see Urug (confused).

Vanquished Creatures
  Gastronok (D:8)
  Kirke (D:12)
  Josephine (D:12)
  2 hydras
  A two-headed ogre (D:9)
  Sonja (D:12)
  2 unseen horrors (D:12)
  An ugly thing (D:12)
  A manticore (D:11)
  A deep elf mage (D:12)
  6 spiny frogs
  A kobold demonologist (D:11)
  5 komodo dragons
  2 trolls
  8 hippogriffs
  17 blink frogs
  A spriggan (D:8)
  43 yaks
  2 wraiths
  3 hogs (D:12)
  2 hungry ghosts
  A basilisk (Lair:1)
  A warg (D:8)
  4 water moccasins
  Duvessa (D:4)
  7 orc warriors
  6 porcupines
  4 ice beasts
  4 sky beasts
  A hornet zombie (D:11)
  2 necrophages (D:9)
  8 ogres
  A phantom (D:11)
  4 centaurs
  5 wolves
  3 big kobolds
  6 crocodiles
  2 wyvern zombies (D:9)
  7 bullfrogs
  A gnoll sergeant (D:9)
  Dowan (D:4)
  A wyvern skeleton (D:11)
  4 killer bees (D:10)
  A scorpion (D:12)
  4 wights (D:11)
  4 howler monkeys
  An electric eel (Lair:2)
  6 crimson imps
  2 centaur zombies
  5 hounds
  2 quasits
  9 orc priests
  3 jellies
  18 orc wizards
  Crazy Yiuf (D:7)
  2 centaur skeletons
  3 bullfrog skeletons
  3 iguanas
  6 worker ants
  A hound zombie (D:9)
  2 hound skeletons
  A worker ant zombie (D:5)
  8 gnolls
  A howler monkey zombie (D:9)
  2 howler monkey skeletons
  18 adders
  4 shadow imps
  5 oozes
  An adder skeleton (D:7)
  3 worms
  3 dart slugs
  6 leopard geckos
  46 orcs
  9 giant cockroaches
  6 goblins
  10 hobgoblins
  14 jackals
  4 quokkas
  3 ball pythons
  16 bats
  4 frilled lizards
  21 kobolds
  A quokka zombie (D:9)
  7 rats
442 creatures vanquished.

Vanquished Creatures (collateral kills)
  A two-headed ogre (D:10)
  2 orc warriors
  4 ogres
  A wight (D:9)
  An orc priest (D:11)
  2 orc wizards
  A gnoll (D:10)
  4 orcs
16 creatures vanquished.

Vanquished Creatures (others)
  3 dancing weapons
  A human (D:12)
  A centaur (D:8)
  3 fungi (Lair:3)
  18 plants
  A spectral weapon (D:12)
  2 withered plants (D:9)
29 creatures vanquished.

Grand Total: 487 creatures vanquished

Notes
Turn   | Place    | Note
-------+----------+-------------------------------------------
     0 | D:1      | dvd the Vampire Enchanter began the quest for the Orb.
     0 | D:1      | Reached XP level 1. HP: 13/13 MP: 3/3
   329 | D:1      | Reached XP level 2. HP: 13/19 MP: 1/5
   341 | D:1      | Learned a level 2 spell: Ensorcelled Hibernation
   564 | D:1      | Reached skill level 5 in Hexes
   932 | D:2      | Found a glowing golden altar of the Shining One.
  1379 | D:2      | Reached XP level 3. HP: 19/24 MP: 0/6
  1395 | D:2      | Reached skill level 1 in Ice Magic
  1477 | D:2      | Reached skill level 5 in Stealth
  1806 | D:3      | Learned a level 3 spell: Confuse
  2004 | D:3      | Reached XP level 4. HP: 11/30 MP: 4/7
  2950 | D:3      | Reached XP level 5. HP: 19/36 MP: 2/8
  3520 | D:4      | Noticed an ogre
  3526 | D:4      | Killed an ogre
  3526 | D:4      | Reached skill level 1 in Shields
  3526 | D:4      | Reached skill level 6 in Hexes
  3554 | D:4      | Found a snail-covered altar of Cheibriados.
  3555 | D:4      | Noticed Duvessa
  3555 | D:4      | Noticed Dowan
  3583 | D:4      | Killed Duvessa
  3583 | D:4      | Reached XP level 6. HP: 42/42 MP: 2/10
  3965 | D:4      | Reached skill level 7 in Hexes
  3987 | D:4      | Reached XP level 7. HP: 41/47 MP: 4/11
  3990 | D:4      | Found a glowing drain.
  4003 | Sewer    | Entered a sewer
  4613 | Sewer    | Reached skill level 1 in Fighting
  4989 | D:4      | Killed Dowan
  5262 | D:5      | Entered Level 5 of the Dungeon
  5268 | D:5      | Found a snail-covered altar of Cheibriados.
  5290 | D:5      | Learned a level 3 spell: Dazzling Spray
  5304 | D:5      | Learned a level 3 spell: Tukima's Dance
  5462 | D:5      | Found a staircase to the Ecumenical Temple.
  5485 | D:5      | Reached skill level 8 in Hexes
  5530 | D:5      | Got an ichor-stained mace
  5566 | Temple   | Entered the Ecumenical Temple
  5720 | Temple   | Identified the cursed +1 mace of Bodily Harmony {speed, +Fly rF+ Int+2 Dex+4} (You found it on level 5 of the Dungeon)
  5739 | Temple   | Became a worshipper of Sif Muna the Loreminder
  5810 | D:5      | Reached XP level 8. HP: 45/54 MP: 5/14
  5995 | D:5      | Reached skill level 9 in Hexes
  6339 | D:6      | Found Alimn's Weapon Boutique.
  6407 | D:6      | Reached * piety under Sif Muna
  6427 | D:6      | Found a stormy altar of Qazlal.
  6528 | D:6      | Found a sacrificial altar of Ru.
  6809 | D:6      | Reached skill level 10 in Hexes
  7142 | D:6      | Reached skill level 10 in Stealth
  7241 | D:6      | Reached XP level 9. HP: 59/59 MP: 11/16
  7820 | D:7      | Found a burning altar of Makhleb.
  7977 | D:7      | Found a runed door.
  7981 | D:7      | Noticed Crazy Yiuf
  7985 | D:7      | Killed Crazy Yiuf
  8036 | D:8      | Noticed Gastronok
  8128 | D:8      | Reached skill level 11 in Hexes
  8173 | D:8      | Reached skill level 5 in Spellcasting
  8260 | D:8      | Found a hazy altar of Hepliaklqana.
  8694 | D:8      | Reached ** piety under Sif Muna
  8858 | D:8      | Found an iron altar of Okawaru.
  9395 | D:8      | Killed Gastronok
  9395 | D:8      | Reached skill level 5 in Short Blades
  9395 | D:8      | Reached skill level 12 in Hexes
  9395 | D:8      | Reached XP level 10. HP: 52/68 MP: 11/18
  9459 | D:9      | Noticed a two-headed ogre
  9460 | D:9      | Killed a two-headed ogre
  9786 | D:9      | Found a staircase to the Orcish Mines.
 10137 | D:9      | Reached skill level 13 in Hexes
 10140 | D:9      | Reached *** piety under Sif Muna
 10356 | D:9      | Reached XP level 11. HP: 74/74 MP: 9/20
 10670 | D:9      | Gained mutation: Your spells are a little harder to cast, but a little more powerful. [potion of mutation]
 10670 | D:9      | Gained mutation: Your flesh is heat resistant. (rF+) [potion of mutation]
 10995 | D:9      | Found a staircase to the Lair.
 11301 | D:10     | Entered Level 10 of the Dungeon
 11579 | D:10     | Learned a level 3 spell: Regeneration
 11583 | D:10     | Learned a level 3 spell: Spectral Weapon
 11586 | D:10     | Learned a level 2 spell: Shroud of Golubria
 11591 | D:10     | Found the +8 demon blade "Leech" {vamp, rN+ AC-3 EV-3}
 11791 | D:10     | Noticed a two-headed ogre
 11819 | D:10     | Killed a two-headed ogre
 11819 | D:10     | Reached **** piety under Sif Muna
 12175 | D:10     | Found Issebbu's Antique Armour Emporium.
 12484 | D:11     | Reached skill level 14 in Hexes
 12583 | D:11     | Reached skill level 1 in Charms
 12605 | D:11     | Reached skill level 1 in Necromancy
 13161 | D:11     | Reached ***** piety under Sif Muna
 13162 | D:11     | Identified Gitaklau's Collected Works on the Earthen Voyage (Sif Muna gifted it to you on level 11 of the Dungeon)
 13162 | D:11     | Received a gift from Sif Muna
 13415 | D:12     | Noticed Sonja
 13421 | D:12     | Killed Sonja
 13426 | D:12     | Reached XP level 12. HP: 81/81 MP: 20/23
 13556 | D:12     | Noticed Kirke
 13565 | D:12     | Noticed a sphinx
 13573 | D:12     | Killed Kirke
 13802 | D:12     | Noticed a death knight
 13917 | D:12     | Reached skill level 15 in Hexes
 14036 | D:12     | Noticed Josephine
 14037 | D:12     | Found Ceofymus's Book Emporium.
 14054 | D:12     | Killed Josephine
 14183 | Lair:1   | Entered Level 1 of the Lair of Beasts
 14202 | Lair:1   | Noticed a six-headed hydra
 14218 | Lair:1   | Killed a six-headed hydra
 14261 | Lair:1   | Reached skill level 5 in Charms
 14279 | Lair:1   | Reached skill level 5 in Dodging
 14966 | Lair:1   | Learned a level 2 spell: Blink
 15563 | Lair:2   | Reached skill level 16 in Hexes
 15567 | Lair:2   | Identified Konew's Handbook of Attacks and Hexes (Sif Muna gifted it to you on level 2 of the Lair of Beasts)
 15567 | Lair:2   | Received a gift from Sif Muna
 15705 | Lair:2   | Learned a level 4 spell: Cause Fear
 15749 | Lair:2   | Reached XP level 13. HP: 87/87 MP: 21/26
 15868 | Lair:2   | Reached skill level 1 in Translocations
 16248 | Lair:2   | Reached skill level 15 in Stealth
 16908 | Lair:3   | Noticed Harold
 16912 | Lair:3   | Noticed Urug
 17013 | Lair:3   | Mangled by Urug

Skill      XL: |  1  2  3  4  5  6  7  8  9 10 11 12 13 |
---------------+----------------------------------------+-----
Hexes          | 5 6 7 8 10 12 13 14 16 | 16.4
Ice Magic      | 1 2 3 4 |  4.6
Stealth        | 5 6 7 10 12 13 14 15 | 15.4
Short Blades   | 2 3 4 5 6 7 |  7.9
Shields        | 1 2 3 4 |  4.2
Spellcasting   | 3 4 5 6 7 9 |  9.3
Fighting       | 1 2 3 |  3.6
Dodging        | 3 4 5 |  5.2
Charms         | 3 5 |  5.8
Necromancy     | 2 4 |  4.6
Translocations | 2 |  2.3
Long Blades    | |  0.1
Conjurations   | |  0.8
Invocations    | |  0.3

Action                   |  1- 3 |  4- 6 |  7- 9 | 10-12 | 13-15 || total
-------------------------+-------+-------+-------+-------+-------++-------
Melee: Dagger            |    94 |    51 |       |       |       ||   145
       Bite              |     9 |     8 |    19 |    42 |     3 ||    81
       Long sword        |     3 |    16 |       |       |       ||    19
       Short sword       |       |    54 |   345 |   491 |    66 ||   956
 Cast: Corona            |    11 |       |     1 |       |       ||    12
       Ensorcelled Hiber |    26 |    26 |    42 |    99 |    34 ||   227
       Confuse           |       |     5 |    33 |    51 |     6 ||    95
       Tukima's Dance    |       |       |     9 |    13 |       ||    22
       Dazzling Spray    |       |       |    12 |    21 |     5 ||    38
       Spectral Weapon   |       |       |       |    11 |     3 ||    14
       Shroud of Golubri |       |       |       |     9 |     5 ||    14
       Regeneration      |       |       |       |    15 |     6 ||    21
       Cause Fear        |       |       |       |       |     2 ||     2
Invok: Channel Magic     |       |       |       |       |     3 ||     3
Evoke: Wand              |       |       |       |     1 |       ||     1
  Use: Potion            |     4 |     8 |    21 |    33 |     6 ||    72
       Scroll            |       |     2 |    12 |     7 |     3 ||    24
 Stab: Sleeping          |    25 |    23 |    53 |   109 |    27 ||   237
       Confused          |       |     1 |    22 |    25 |     3 ||    51
       Invisible         |       |       |     4 |     1 |     1 ||     6
       Paralysed         |       |       |     1 |       |       ||     1
       Distracted        |       |       |       |     2 |     1 ||     3
  Eat: Corpse            |       |       |     1 |       |       ||     1
Armor: Robe              |    17 |    25 |    60 |    58 |     3 ||   163
Dodge: Dodged            |    62 |    76 |   143 |   162 |    21 ||   464
Block: Buckler           |    26 |    66 |   148 |   150 |    16 ||   406
       Reflection        |       |       |     6 |     3 |     2 ||    11
       Rpst.: Long sword |     1 |     9 |       |       |       ||    10
